 Dungeon Crawl Stone Soup version 0.25-a0-632-g7713895373 (webtiles) character file.

Game seed: 9100207300798954882, levelgen mode: deterministic

180215 mopl the Fencer (level 18, 0/108 HPs)
             Began as a Tengu Skald on Mar 19, 2020.
             Was a High Priest of Okawaru.
             Slain by a ghost moth (12 damage)
             ... on level 3 of the Spider Nest.
             The game lasted 01:29:34 (30432 turns).

mopl the Fencer (Tengu Skald)                      Turns: 30432, Time: 01:29:36

Health: 0/108      AC: 15    Str: 15 (16) XL:     18   Next: 26%
Magic:  0/26       EV: 21    Int: 22 (23) God:    Okawaru [*****.]
Gold:   3123       SH:  5    Dex: 12 (14) Spells: 18/25 levels left

rFire    + + .     SeeInvis .   a - +7 double sword (vamp)
rCold    + . .     Gourm    .   i - +1 buckler {rF+}
rNeg     + . .     Faith    .   h - +1 acid dragon scales
rPois    +         Spirit   +   g - +0 hat of Experimentation {Str+3}
rElec    .         Reflect  .   S - +2 cloak {+Inv}
rCorr    +         Harm     .   H - +0 pair of gloves
MR       +....                  (boots unavailable)
Stlth    +.........             C - amulet of guardian spirit
HPRegen  0.28/turn              s - ring of Ahijis {rPois rC+ rN+ MR- Int+8}
MPRegen  0.20/turn              A - ring "Utulas" {Wiz rF+ MR+ Str-5}

@: lethally poisoned (0 -> -141), flying quickly and evasively, quick
A: beak, talons 3, able to fly
a: Stop Flying, Heroism, Finesse, Renounce Religion, Evoke Invisibility


You were on level 3 of the Spider Nest.
You worshipped Okawaru.
Okawaru was extremely pleased with you.
You were not hungry.

You visited 5 branches of the dungeon, and saw 27 of its levels.
You also visited: Gauntlet, Ice Cave and Volcano.

You collected 3168 gold pieces.
You spent 45 gold pieces at shops.

Inventory:

Hand Weapons
 a - a +7 vampiric double sword (weapon)
 b - a +4 scimitar of flaming
 e - a +5 dagger of electrocution
Missiles
 u - 39 boomerangs
 v - 13 javelins
 B - 3 datura-tipped darts
 G - 77 poisoned darts (quivered)
 Q - 6 throwing nets
 T - 4 curare-tipped darts
 U - 6 boomerangs of dispersal
Armour
 d - +0 storm dragon scales
 g - the +0 hat of Experimentation (worn) {Str+3}
   (Okawaru gifted it to you on level 11 of the Dungeon)

   It affects your strength (+3).
 h - +1 acid dragon scales (worn)
 i - a +1 buckler of fire resistance (worn)
 H - a +0 pair of gloves (worn)
 S - a +2 cloak of invisibility (worn)
Jewellery
 s - the ring of Ahijis (left hand) {rPois rC+ rN+ MR- Int+8}
   (You found it on level 5 of the Lair of Beasts)

   [ring of positive energy]

   It affects your intelligence (+8).
   It protects you from cold.
   It protects you from poison.
   It protects you from negative energy.
   It affects your resistance to hostile enchantments.
 A - the ring "Utulas" (right hand) {Wiz rF+ MR+ Str-5}
   (You found it in a Gauntlet)

   [ring of wizardry]

   It improves your spell success rate.
   It affects your strength (-5).
   It protects you from fire.
   It affects your resistance to hostile enchantments.
 C - an amulet of guardian spirit (around neck)
 Y - the ring "Idumur" {*Slow rElec MP+9 Str+2 Dex+3}
   (You took it off a minotaur in a Gauntlet)

   [ring of magical power]

   It affects your strength (+2).
   It affects your dexterity (+3).
   It insulates you from electricity.
   It affects your magic capacity (+9).
   It may slow you when you take damage.
Wands
 m - a wand of acid (16)
 w - a wand of flame (175)
 E - a wand of digging (3)
 K - a wand of polymorph (27)
 R - a wand of disintegration (17)
Scrolls
 o - 2 scrolls of fog
 t - 12 scrolls of teleportation
 x - 3 scrolls of blinking
 y - 2 scrolls of fear
 z - 3 scrolls of magic mapping
 D - 15 scrolls of remove curse
 F - a scroll of summoning
 L - 7 scrolls of identify
 O - a scroll of silence {!r}
 X - 2 scrolls of vulnerability
Potions
 f - a potion of haste
 j - 4 potions of magic
 k - 4 potions of stabbing
 l - a potion of berserk rage {!q}
 n - 3 potions of ambrosia
 p - 7 potions of curing
 q - a potion of might
 r - 2 potions of cancellation
 J - 2 potions of invisibility
 N - a potion of resistance
 P - a potion of lignification {!q}
 V - a potion of heal wounds
Miscellaneous
 I - a tin of tremorstones
 W - a lamp of fire
 Z - a phantom mirror
Comestibles
 c - 43 rations


   Skills:
 + Level 10.7 Fighting
 * Level 17.8 Long Blades
   Level 1.1 Polearms
 + Level 7.3 Throwing
 + Level 11.3 Armour
 + Level 11.7 Dodging
 + Level 3.2 Shields
 - Level 4.0 Spellcasting
 - Level 3.0 Hexes
 - Level 8.0 Charms
 - Level 3.0 Translocations
 - Level 10.0 Invocations
 + Level 9.5 Evocations


You had 18 spell levels left.
You knew the following spells:

 Your Spells              Type           Power        Failure   Level  Hunger
b - Song of Slaying       Chrm           #####...     1%          2    #......
c - Spectral Weapon       Hex/Chrm       ####....     1%          3    ###....
f - Shroud of Golubria    Chrm/Tloc      ####..       1%          2    #......

Your spell library contained the following spells:

 Spells                   Type           Power        Failure   Level  Hunger
 Corona                   Hex            ###....      1%          1    None
 Infusion                 Chrm           ####         1%          1    None
 Ozocubu's Armour         Chrm/Ice       ###.....     3%          3    ###....
 Ensorcelled Hibernation  Hex/Ice        ##....       5%          2    #......
 Animate Skeleton         Necr           N/A          6%          1    None
 Beastly Appendage        Tmut           #.....       6%          1    None
 Freeze                   Ice            #...         6%          1    None
 Pain                     Necr           #...         6%          1    None
 Sandblast                Erth           #.....       6%          1    None
 Sting                    Tmut/Pois      #...         6%          1    None
 Summon Butterflies       Summ           #.......     6%          1    None
 Confusing Touch          Hex            ###.....     6%          3    ###....
 Tukima's Dance           Hex            ###.....     6%          3    ###....
 Corpse Rot               Necr/Air       N/A          10%         2    #......
 Passwall                 Tmut/Erth      #.......     10%         2    #......
 Poisonous Vapours        Pois/Air       #.....       10%         2    #......
 Sticks to Snakes         Tmut           #.......     10%         2    #......
 Dazzling Flash           Conj/Hex       ##....       11%         3    ###....
 Inner Flame              Hex/Fire       ##......     11%         3    ###....
 Call Canine Familiar     Summ           #.......     19%         3    ###....
 Conjure Flame            Conj/Fire      #.......     19%         3    ###....
 Frozen Ramparts          Ice            #.....       19%         3    ###....
 Ignite Poison            Fire/Tmut/Pois #.......     19%         3    ###....
 Mephitic Cloud           Conj/Pois/Air  #.......     19%         3    ###....
 Spider Form              Tmut/Pois      #.........   19%         3    ###....
 Static Discharge         Conj/Air       #.......     19%         3    ###....
 Stone Arrow              Conj/Erth      #.....       19%         3    ###....
 Vampiric Draining        Necr           #.........   19%         3    ###....
 Animate Dead             Necr           N/A          50%         4    ####...
 Hailstorm                Conj/Ice       #.......     50%         4    ####...
 Ice Form                 Ice/Tmut       #.......     50%         4    ####...
 Olgreb's Toxic Radiance  Pois           #.......     50%         4    ####...
 Petrify                  Tmut/Erth      #.......     50%         4    ####...
 Summon Ice Beast         Ice/Summ       #.......     50%         4    ####...
 Summon Mana Viper        Hex/Summ       ##......     65%         5    ######.
 Agony                    Necr           #.......     83%         5    ######.
 Blade Hands              Tmut           #.........   83%         5    ######.
 Fireball                 Conj/Fire      #.........   83%         5    ######.
 Lee's Rapid Deconstruct  Erth           #.........   83%         5    ######.
 Lightning Bolt           Conj/Air       #.........   83%         5    ######.
 Freezing Cloud           Conj/Ice/Air   #.........   100%        6    #######
 Ring of Flames           Chrm/Fire      ###.......   100%        7    #######
 Summon Hydra             Summ           #.........   100%        7    #######
 Discord                  Hex            ###.......   100%        8    #######
 Ignition                 Fire           #.........   100%        8    #######
 Shatter                  Erth           #.........   100%        9    #######
 Tornado                  Air            #.........   100%        9    #######


Dungeon Overview and Level Annotations

Branches:
Dungeon (15/15)            Temple (1/1) D:6            Lair (6/6) D:8
 Shoals (0/4) Lair:3       Spider (3/4) Lair:3        Slime (0/5) Lair:5
    Orc (2/2) D:9             Elf (0/3) Orc:2        Vaults (0/5) D:14
 Depths (0/5) D:15          IceCv (visited)         Volcano (visited)
Gauntlet (visited)

Altars:
Ashenzari
Cheibriados
Elyvilon
Fedhas
Gozag
Hepliaklqana
Kikubaaqudgha
Makhleb
Nemelex Xobeh
Okawaru
Qazlal
Ru
Sif Muna
Trog
Uskayaw
Vehumet
Wu Jian
Xom
Yredelemnul
Zin
The Shining One
Beogh

Shops:
D:11 (   D:14 (   Orc:2 [:*(

Portals:
Bazaar: Orc:2

Annotations:
D:9 3 runed translucent doors, mopl's ghost, novice DrEE
Lair:5 1 runed translucent door, Mgcat's ghost, journeyman GrCj


Innate Abilities, Weirdness & Mutations

You have a beak for a mouth.
You have claws for feet.
You can fly continuously.


Message History

Something hits you.
You feel clumsy. Something hits you but does no damage. Something stings you.
You are more poisoned.
Something poisons you!
You miss something. Your kick misses something.
You feel extremely sick.
You feel you are being watched by something.
Something hits you!
* * * LOW HITPOINT WARNING * * *
Something misses you. You block something's attack.
Unknown command.
You hit something but do no damage. You claw something. You peck something.
* * * LOW HITPOINT WARNING * * *
You feel extremely sick. Something hits you!
* * * LOW HITPOINT WARNING * * *
You feel weakened. Something hits you!
You die...

....# #.... ##
#...# ... #.# #...
#... #.. #..#
#.... ..#
#.^##.>...
#.##.#.......
####..............
#@{..?............
#######..........
##....###.....
##......## ... ##
#........# #.##..
#.......####.....
#.....#####......
##.#### ##.^#....
#.## ###.###....


There were no monsters in sight!

Vanquished Creatures
  Frances (D:14)
  Kirke (D:15)
  A ghost moth (Spider:1)
  2 stone giants
  An emperor scorpion (Spider:2)
  6 entropy weavers
  A minotaur (Gauntlet)
  Azrael (D:13)
  3 ettins (Orc:2)
  Snorg (Lair:6)
  Josephine (D:9)
  An ogre mage (D:15)
  Fannar (D:11)
  A vault guard (D:14)
  An anaconda (shapeshifter) (Gauntlet)
  4 hydras
  2 death knights
  9 two-headed ogres
  A deep troll shaman (Lair:6)
  A catoblepas (Lair:6)
  A queen ant (Spider:1)
  6 centaur warriors
  16 death yaks
  An orc high priest (Orc:2)
  Sonja (D:10)
  A skeletal warrior (D:15)
  2 unseen horrors
  A wizard (D:15)
  A phantasmal warrior (D:15)
  A lindwurm (Lair:6)
  An obsidian statue (Orc:2)
  A harpy (D:13)
  An orc knight (Orc:1)
  6 orb spiders
  16 wolf spiders
  5 deep elf magi
  14 cyclopes
  3 orc sorcerers
  4 oklob plants (Lair:5)
  3 ugly things
  2 manticores
  A centaur zombie (D:14)
  3 black mambas
  15 elephants
  A naga mage (D:15)
  Maurice (D:9)
  A water nymph (shapeshifter) (Gauntlet)
  A guardian serpent (shapeshifter) (D:13)
  2 ice statues (IceCv)
  A torpor snail (Spider:2)
  2 gargoyles (Volcano)
  9 spiny frogs
  Maggie (D:9)
  An efreet (Volcano)
  A freezing wraith (D:15)
  A kobold demonologist (D:14)
  A rime drake (Lair:1)
  5 demonic crawlers
  11 komodo dragons
  2 tengu conjurers (D:13)
  7 trolls
  5 polar bears (Lair:6)
  20 jumping spiders
  3 meliai (Spider:2)
  21 blink frogs
  12 hippogriffs
  7 slime creatures
  A raiju (shapeshifter) (Gauntlet)
  5 dream sheep (Lair:6)
  A meliai zombie (D:13)
  3 vampires
  5 wraiths
  3 water elementals (D:15)
  52 redbacks
  21 tarantellas
  A ynoxinul (Gauntlet)
  4 fire elementals (D:13)
  A hog (D:15)
  16 yaks
  4 basilisks
  A wyvern (D:12)
  7 hungry ghosts
  2 chaos spawn (D:12)
  A steam dragon (D:9)
  6 wargs (Orc:2)
  2 acid dragons
  2 hell hounds (D:13)
  12 soldier ants (Spider:1)
  21 water moccasins
  5 black bears
  6 porcupines
  30 orc warriors
  3 phantoms
  4 sky beasts
  9 ice beasts
  2 eyes of draining (D:8)
  21 ogres
  3 boggarts (Gauntlet)
  18 wolves
  29 centaurs
  3 big kobolds
  12 crocodiles
  16 bullfrogs
  5 gnoll sergeants
  2 earth elementals (Volcano)
  A wyvern skeleton (D:14)
  A troll zombie (D:9)
  4 scorpions
  11 killer bees
  23 wights
  4 electric eels
  A howler monkey (D:3)
  7 crimson imps
  A quasit (D:10)
  2 centaur skeletons
  A bullfrog zombie (D:4)
  10 hounds
  6 jellies
  3 gnoll shamans (D:9)
  21 orc priests
  2 bullfrog skeletons
  13 orc wizards
  2 iron imps (Gauntlet)
  6 iguanas
  32 worker ants
  7 ogre zombies (D:9)
  3 worker ant zombies
  32 gnolls
  9 adders
  7 shadow imps
  6 oozes
  An adder skeleton (D:6)
  A worm (D:2)
  3 dart slugs
  4 leopard geckos
  76 orcs
  16 bats
  6 giant cockroaches
  8 goblins
  7 hobgoblins
  13 jackals
  4 quokkas
  A ball python (D:2)
  A ball python skeleton (D:4)
  2 frilled lizards
  A goblin skeleton (D:9)
  A goblin zombie (D:9)
  3 hobgoblin skeletons (D:9)
  A hobgoblin zombie (D:9)
  A jackal zombie (D:8)
  20 kobolds
  A leopard gecko skeleton (D:7)
  3 orc skeletons (D:9)
  15 orc zombies (D:9)
  2 quokka skeletons
  3 quokka zombies
  9 rats
  A butterfly (Temple)
  A fungus (Lair:5)
  A plant (Lair:6)
1022 creatures vanquished.

Vanquished Creatures (others)
  An ogre (D:14)
  A bullfrog (Lair:5)
  An orc (D:14)
  11 fungi
  7 plants
  5 spectral weapons
26 creatures vanquished.

Grand Total: 1048 creatures vanquished

Notes
Turn   | Place    | Note
-------+----------+-------------------------------------------
     0 | D:1      | mopl the Tengu Skald began the quest for the Orb.
     0 | D:1      | Reached XP level 1. HP: 12/12 MP: 4/4
    68 | D:1      | Reached XP level 2. HP: 17/17 MP: 6/6
   538 | D:1      | Reached skill level 3 in Long Blades
   674 | D:1      | Learned a level 2 spell: Song of Slaying
   677 | D:1      | Learned a level 2 spell: Shroud of Golubria
   928 | D:2      | Reached XP level 3. HP: 18/21 MP: 7/7
   968 | D:2      | Reached XP level 4. HP: 24/26 MP: 8/8
   990 | D:2      | Learned a level 3 spell: Spectral Weapon
  1211 | D:2      | Reached skill level 3 in Charms
  1478 | D:2      | Found a radiant altar of Vehumet.
  1485 | D:2      | Found a white marble altar of Elyvilon.
  1490 | D:2      | Found a hazy altar of Hepliaklqana.
  1501 | D:2      | Found a shattered altar of Ashenzari.
  1508 | D:2      | Found an ornate altar of the Wu Jian Council.
  1513 | D:2      | Found a stormy altar of Qazlal.
  1526 | D:2      | Became a worshipper of Elyvilon the Healer
  1534 | D:2      | Found a glowing golden altar of the Shining One.
  1678 | D:3      | Gained mutation: You can fly continuously. [Tengu growth]
  1678 | D:3      | Reached XP level 5. HP: 30/30 MP: 10/10
  1753 | D:3      | Reached skill level 4 in Long Blades
  1753 | D:3      | Reached skill level 1 in Translocations
  1754 | D:3      | Noticed a phantom
  1794 | D:3      | Killed a phantom
  1794 | D:3      | Reached skill level 3 in Spellcasting
  1794 | D:3      | Reached skill level 1 in Hexes
  1794 | D:3      | Reached skill level 1 in Invocations
  1794 | D:3      | Reached XP level 6. HP: 17/35 MP: 9/11
  2131 | D:3      | Fell from the grace of Elyvilon
  2235 | D:3      | You are sucked into a shaft and drop 1 floor!
  2386 | D:4      | Reached skill level 5 in Long Blades
  2386 | D:4      | Reached XP level 7. HP: 19/40 MP: 11/13
  2896 | D:4      | Reached skill level 2 in Translocations
  3115 | D:4      | Found a burning altar of Makhleb.
  3127 | D:4      | Reached skill level 2 in Hexes
  3352 | D:5      | Entered Level 5 of the Dungeon
  3464 | D:5      | Reached skill level 6 in Long Blades
  3469 | D:5      | Reached XP level 8. HP: 27/44 MP: 14/14
  3899 | D:5      | Found a snail-covered altar of Cheibriados.
  4043 | D:6      | Found a staircase to the Ecumenical Temple.
  4065 | Temple   | Entered the Ecumenical Temple
  4093 | Temple   | Became a worshipper of Warmaster Okawaru
  4434 | D:6      | Reached skill level 4 in Charms
  4507 | D:6      | Reached skill level 4 in Spellcasting
  4825 | D:6      | Reached * piety under Okawaru
  4825 | D:6      | Reached skill level 7 in Long Blades
  4825 | D:6      | Reached skill level 3 in Translocations
  5266 | D:7      | Reached skill level 2 in Invocations
  5490 | D:7      | Reached XP level 9. HP: 48/48 MP: 16/16
  5525 | D:7      | Reached skill level 3 in Hexes
  5802 | D:7      | Reached skill level 8 in Long Blades
  5968 | D:7      | Found Egoimen's Antique Weapon Emporium.
  6130 | D:8      | Reached skill level 3 in Invocations
  6303 | D:8      | Reached ** piety under Okawaru
  6303 | D:8      | Reached skill level 2 in Armour
  6314 | D:8      | Reached skill level 3 in Dodging
  6584 | D:8      | Reached skill level 5 in Charms
  6762 | D:8      | Found an iron altar of Okawaru.
  6865 | D:8      | Found a staircase to the Lair.
  6881 | D:8      | Reached skill level 3 in Fighting
  7016 | D:9      | Noticed Maggie
  7027 | D:9      | Killed Maggie
  7027 | D:9      | Reached skill level 9 in Long Blades
  7027 | D:9      | Reached skill level 3 in Armour
  7362 | D:9      | Reached XP level 10. HP: 55/56 MP: 12/17
  7382 | D:9      | Found a runed translucent gate.
  7382 | D:9      | Found a runed translucent gate.
  7382 | D:9      | Found a runed translucent gate.
  7384 | D:9      | Found an opulent altar of Gozag.
  7386 | D:9      | Noticed mopl's ghost (novice DrEE)
  7408 | D:9      | Reached skill level 4 in Dodging
  7443 | D:9      | Reached skill level 4 in Invocations
  7604 | D:9      | Got an ancient ring mail
  7615 | D:9      | Identified the cursed +1 ring mail of the Arcane {rN+} (You
                  | found it on level 9 of the Dungeon)
  7660 | D:8      | Reached *** piety under Okawaru
  7846 | D:9      | Reached skill level 4 in Fighting
  7889 | D:9      | Reached skill level 4 in Armour
  7955 | D:9      | Found a staircase to the Orcish Mines.
  7993 | D:9      | Reached skill level 10 in Long Blades
  8135 | D:9      | Noticed a two-headed ogre
  8148 | D:9      | Killed a two-headed ogre
  8148 | D:9      | Reached **** piety under Okawaru
  8148 | D:9      | Reached skill level 5 in Dodging
  8332 | D:9      | Reached skill level 6 in Charms
  8375 | D:9      | Reached XP level 11. HP: 48/62 MP: 11/18
  8465 | D:9      | Noticed Maurice
  8491 | D:9      | Killed Maurice
  8491 | D:9      | Reached skill level 5 in Invocations
  8686 | D:10     | Entered Level 10 of the Dungeon
  8686 | D:10     | Noticed Josephine
  8721 | D:9      | Killed Josephine
  8721 | D:9      | Reached skill level 5 in Fighting
  8721 | D:9      | Reached skill level 5 in Armour
  8815 | D:10     | Noticed Sonja
  8997 | D:9      | Reached skill level 1 in Evocations
  9221 | D:10     | Killed Sonja
  9221 | D:10     | Reached ***** piety under Okawaru
  9221 | D:10     | Reached skill level 11 in Long Blades
  9274 | D:10     | Reached skill level 6 in Dodging
  9600 | D:9      | Reached skill level 2 in Evocations
  9737 | D:10     | Killed an unseen horror
  9737 | D:10     | Received a gift from Okawaru
  9980 | D:10     | Found a white marble altar of Elyvilon.
 10118 | Lair:1   | Entered Level 1 of the Lair of Beasts
 10305 | Lair:1   | Reached skill level 6 in Armour
 10420 | Lair:1   | Noticed an eight-headed hydra
 10686 | Lair:1   | Killed an eight-headed hydra
 10686 | Lair:1   | Reached XP level 12. HP: 66/69 MP: 13/19
 10801 | Lair:1   | Reached skill level 3 in Evocations
 11114 | Lair:2   | Reached skill level 6 in Fighting
 11308 | Lair:2   | Found a gate leading to a gauntlet.
 11317 | Gauntlet | Entered a Gauntlet
 11317 | Gauntlet | Found a runed translucent door.
 11317 | Gauntlet | Found a transporter.
 11317 | Gauntlet | Found a runed translucent door.
 11317 | Gauntlet | Found a transporter.
 11318 | Gauntlet | Found a transporter.
 11319 | Gauntlet | Found a transporter.
 11319 | Gauntlet | Found a transporter.
 11322 | Gauntlet | Found a transporter.
 11322 | Gauntlet | Noticed a death ooze
 11329 | Gauntlet | Found a transporter.
 11331 | Gauntlet | Found a transporter.
 11333 | Gauntlet | Found a transporter.
 11333 | Gauntlet | Found a transporter.
 11348 | Gauntlet | Found a transporter.
 11348 | Gauntlet | Found a transporter.
 11469 | Gauntlet | Noticed a shock serpent
 11469 | Gauntlet | a snapping turtle changed into a shock serpent
 11474 | Gauntlet | a shock serpent changed into a death drake
 11532 | Gauntlet | Reached skill level 6 in Invocations
 11630 | Gauntlet | Noticed a two-headed ogre
 11630 | Gauntlet | a deep troll changed into a two-headed ogre
 11640 | Gauntlet | a two-headed ogre changed into a cyclops
 11673 | Gauntlet | Noticed a two-headed ogre
 11673 | Gauntlet | a redback changed into a two-headed ogre
 11678 | Gauntlet | Noticed a two-headed ogre
 11678 | Gauntlet | a snapping turtle changed into a two-headed ogre
 11679 | Gauntlet | a two-headed ogre changed into a merfolk
 11682 | Gauntlet | Noticed a shock serpent
 11682 | Gauntlet | a two-headed ogre changed into a shock serpent
 11684 | Gauntlet | Noticed an anaconda
 11684 | Gauntlet | a sea snake changed into an anaconda
 11694 | Gauntlet | Noticed an anaconda
 11694 | Gauntlet | a shock serpent changed into an anaconda
 11729 | Gauntlet | Killed an anaconda
 11729 | Gauntlet | Reached skill level 12 in Long Blades
 11732 | Gauntlet | Got a clouded glass ring
 11738 | Gauntlet | Identified the ring "Utulas" {Wiz rF+ MR+ Str-5} (You found
                  | it in a Gauntlet)
 11932 | Gauntlet | Identified the ring "Idumur" {*Slow rElec MP+9 Str+2 Dex+3}
 11932 | Gauntlet | Noticed a minotaur
 11959 | Gauntlet | Killed a minotaur
 11959 | Gauntlet | Reached skill level 7 in Dodging
 11960 | Gauntlet | Identified the Compendium of Glamour
 12109 | Lair:2   | Reached skill level 7 in Charms
 12897 | Lair:3   | Reached skill level 4 in Evocations
 12930 | Lair:3   | Received a gift from Okawaru
 12934 | Lair:3   | Got a smoking hunting sling {god gift}
 12935 | Lair:3   | Identified the +4 hunting sling "Impbane" {flame, rPois}
                  | (Okawaru gifted it to you on level 3 of the Lair of Beasts)
 13030 | Lair:3   | Reached skill level 7 in Armour
 13040 | Lair:3   | Found a staircase to the Shoals.
 13480 | Lair:3   | Found a hole to the Spider Nest.
 13741 | Lair:4   | Noticed a death yak
 13743 | Lair:4   | Noticed a death yak
 13850 | Lair:4   | Noticed a death yak
 13855 | Lair:4   | Noticed a death yak
 13858 | Lair:4   | Noticed a death yak
 13862 | Lair:4   | Noticed a death yak
 13898 | Lair:4   | Killed a death yak
 13898 | Lair:4   | Reached XP level 13. HP: 32/76 MP: 3/20
 13904 | Lair:4   | Reached skill level 7 in Fighting
 13927 | Lair:4   | Received a gift from Okawaru
 13928 | Lair:4   | Reached skill level 13 in Long Blades
 13929 | Lair:4   | Got a scorched great sword {god gift}
 13945 | Lair:4   | HP: 3/76 [death yak (21)]
 13953 | Lair:4   | Reached skill level 8 in Dodging
 13988 | Lair:4   | Found a dark tunnel.
 13995 | Volcano  | Entered a volcano
 14007 | Volcano  | Identified the +6 great sword "Gieteace" {speed, rN++
                  | Stlth+} (Okawaru gifted it to you on level 4 of the Lair of
                  | Beasts)
 14177 | Volcano  | Reached skill level 5 in Evocations
 14183 | Volcano  | Reached skill level 7 in Invocations
 14564 | Volcano  | Noticed a stone giant
 14585 | Volcano  | Killed a stone giant
 14904 | Lair:4   | Identified a scroll of acquirement
 14905 | Lair:4   | Identified the +9 great sword "Duacil" {venom, Stlth+} (You
                  | acquired it on level 4 of the Lair of Beasts)
 15240 | Lair:4   | Received a gift from Okawaru
 15612 | Lair:5   | Reached skill level 8 in Armour
 16002 | Lair:5   | Reached skill level 8 in Charms
 16009 | Lair:5   | Got a bound marble ring
 16024 | Lair:5   | Identified the ring of Ahijis {rPois rC+ rN+ MR- Int+8}
                  | (You found it on level 5 of the Lair of Beasts)
 16063 | Lair:5   | Found a staircase to the Slime Pits.
 16067 | Lair:5   | Got a dazzling chain mail
 16080 | Lair:5   | Identified the +2 chain mail of Eternal Vigilance {MP+9
                  | Int+6 Stlth-} (You found it on level 5 of the Lair of
                  | Beasts)
 16349 | Lair:5   | Reached skill level 1 in Polearms
 16349 | Lair:5   | Reached XP level 14. HP: 78/83 MP: 16/21
 16430 | Lair:5   | Reached skill level 8 in Fighting
 16430 | Lair:5   | Reached skill level 6 in Evocations
 16633 | Lair:5   | Reached skill level 1 in Throwing
 16814 | Lair:5   | Found a runed translucent door.
 16814 | Lair:5   | Found a shimmering altar of Xom.
 16814 | Lair:5   | Noticed Mgcat's ghost (journeyman GrCj)
 17007 | Lair:6   | Entered Level 6 of the Lair of Beasts
 17018 | Lair:6   | Reached skill level 14 in Long Blades
 17097 | Lair:6   | Reached skill level 9 in Dodging
 17156 | Lair:6   | Received a gift from Okawaru
 17438 | Lair:6   | Reached skill level 2 in Throwing
 17470 | Lair:6   | Reached skill level 8 in Invocations
 17536 | Lair:6   | Received a gift from Okawaru
 17536 | Lair:6   | Reached skill level 9 in Armour
 17607 | Lair:6   | Identified the Incunabulum of Dark Ignition
 17813 | Lair:6   | Noticed Snorg
 17821 | Lair:6   | Killed Snorg
 17933 | Lair:6   | Reached skill level 3 in Throwing
 17977 | Lair:6   | Received a gift from Okawaru
 18633 | Orc:1    | Entered Level 1 of the Orcish Mines
 18688 | Orc:1    | Reached skill level 7 in Evocations
 18845 | Orc:1    | Found a roughly hewn altar of Beogh.
 19107 | Orc:1    | Received a gift from Okawaru
 19112 | Orc:1    | Got a brightly glowing plate armour {god gift}
 19123 | Orc:1    | Identified the +1 plate armour of Theory {*Corrode rN+ MR+}
                  | (Okawaru gifted it to you on level 1 of the Orcish Mines)
 19449 | Orc:2    | Entered Level 2 of the Orcish Mines
 19450 | Orc:2    | Found a gateway to a bazaar.
 19467 | Orc:2    | Found Aryel's General Store.
 19468 | Orc:2    | Noticed a stone giant
 19507 | Orc:2    | Found Zeugaowk's Book Shoppe.
 19532 | Orc:2    | Found a frozen archway.
 19543 | IceCv    | Entered an ice cave
 19572 | IceCv    | Found a transporter.
 19791 | IceCv    | Found a transporter.
 19793 | IceCv    | Reached XP level 15. HP: 89/89 MP: 18/22
 20126 | Orc:2    | Bought a scroll of immolation for 45 gold pieces
 20138 | Orc:2    | Found Ofechiak's Antique Weapon Boutique.
 20270 | Orc:2    | Reached skill level 9 in Fighting
 20325 | Orc:2    | Reached skill level 15 in Long Blades
 20651 | Orc:2    | Found a staircase to the Elven Halls.
 20678 | Orc:2    | Reached skill level 4 in Throwing
 20678 | Orc:2    | Reached skill level 10 in Dodging
 20847 | Orc:2    | Found Sumyel's Antique Armour Boutique.
 21706 | D:11     | Found Pipep's Antique Weapon Shoppe.
 21808 | D:11     | Noticed Fannar
 21827 | D:11     | Killed Fannar
 22349 | D:11     | Received a gift from Okawaru
 22354 | D:11     | Got a shimmering hat {god gift}
 22360 | D:11     | Identified the +0 hat of Experimentation {Str+3} (Okawaru
                  | gifted it to you on level 11 of the Dungeon)
 22716 | D:12     | Found a shimmering altar of Xom.
 22722 | D:12     | Found the +7 mace of Variability {chain chaos}
 23281 | D:13     | Reached skill level 10 in Armour
 23669 | D:13     | Got a scorched bardiche
 23670 | D:13     | Identified the +8 bardiche "Esacy" {venom, Int+5} (You
                  | found it on level 13 of the Dungeon)
 23731 | D:13     | Reached skill level 8 in Evocations
 23755 | D:13     | Noticed Nessos
 23758 | D:13     | Noticed Nessos
 23758 | D:13     | Nessos changed into Nessos the harpy
 23763 | D:13     | Killed Nessos the harpy
 23763 | D:13     | Reached skill level 5 in Throwing
 23801 | D:13     | Reached skill level 9 in Invocations
 23812 | D:13     | Noticed Azrael
 23838 | D:13     | Killed Azrael
 24156 | D:13     | Got an ancient rapier
 24157 | D:13     | Identified the +8 rapier "Bigeaduq" {vorpal, Str+4 Stlth-}
                  | (You found it on level 13 of the Dungeon)
 24506 | D:14     | Found a gate to the Vaults.
 24660 | D:14     | Found Vesutuof's Weapon Emporium.
 24720 | D:14     | Reached skill level 16 in Long Blades
 24720 | D:14     | Reached XP level 16. HP: 73/96 MP: 21/23
 24733 | D:14     | Noticed Frances
 24747 | D:14     | Killed Frances
 24747 | D:14     | Reached XP level 17. HP: 42/101 MP: 8/24
 25173 | D:14     | Received a gift from Okawaru
 25212 | D:14     | Found a roughly hewn altar of Beogh.
 25838 | D:15     | Entered Level 15 of the Dungeon
 26486 | D:15     | Reached skill level 10 in Fighting
 26732 | D:15     | Noticed Kirke
 26753 | D:15     | Killed Kirke
 26753 | D:15     | Received a gift from Okawaru
 26753 | D:15     | Reached skill level 17 in Long Blades
 26771 | D:15     | Reached skill level 6 in Throwing
 26792 | D:15     | Reached skill level 11 in Dodging
 27063 | D:15     | Found a staircase to the Depths.
 27598 | Spider:1 | Entered Level 1 of the Spider Nest
 27972 | Spider:1 | Received a gift from Okawaru
 27972 | Spider:1 | Reached skill level 1 in Shields
 27990 | Spider:1 | Reached skill level 9 in Evocations
 28067 | Spider:1 | Reached skill level 11 in Armour
 28158 | Spider:1 | Reached skill level 2 in Shields
 28705 | Spider:2 | Received a gift from Okawaru
 28805 | Spider:2 | Received a gift from Okawaru
 28808 | Spider:2 | Identified the +6 long sword of Yhom {freeze, MP+9 Int+3}
                  | (Okawaru gifted it to you on level 2 of the Spider Nest)
 28864 | Spider:2 | Reached skill level 7 in Throwing
 28876 | Spider:2 | Reached skill level 10 in Invocations
 28881 | Spider:2 | Reached XP level 18. HP: 102/108 MP: 21/26
 29504 | Spider:2 | Reached skill level 3 in Shields
 30432 | Spider:3 | Slain by a ghost moth

Levels and vault maps discovered:
D:1:      saegor_arrival_simple_a, layout_basic, serial_forest,
          infiniplex_forest_lined_corner, infiniplex_forest_end_double,
          infiniplex_forest_clump_long, infiniplex_forest_end_2,
          infiniplex_forest_lined_2, infiniplex_forest_lined_room_2,
          infiniplex_forest_end_1, infiniplex_forest_lined_4_way,
          infiniplex_forest_clump_small, infiniplex_forest_straight_3
D:2:      wander_river, layout_loops_cross, grunt_temple_overflow_octagram
D:3:      layout_basic, first_ration, nrook_campfire
D:4:      layout_basic, kennysheep_mini
D:5:      layout_gridville, kennysheep_mini_moat
D:6:      nicolae_whirlpool, layout_basic, minmay_temple_entry_butterflies,
          minmay_misc_feat_hallway
D:7:      layout_basic, serial_shops, nicolae_shop_overgrown_old_shop
D:8:      layout_basic, lair_entry_dummy, basic_altar
D:9:      layout_cave_pools, zombieorc2_lemuel, serial_gnoll_camp,
          gnoll_camp_mini_house, gnoll_camp_mini_loothouse,
          gnoll_camp_medium_01, gnoll_camp_mini_hut, gnoll_camp_huts_basic,
          gnoll_camp_mini_doghouse, ebering_ghost_gozag, uniq_maurice,
          uniq_maggie
D:10:     layout_cross, basic_altar, uniq_sonja, uniq_josephine
D:11:     layout_loops_ring, serial_shops, shop, st_stairs_4, uniq_fannar
D:12:     layout_small_grid, minmay_guarded_unrand_variability
D:13:     layout_roguey, uniq_nessos, uniq_azrael
D:14:     layout_roguey [special_room_orc], david_vaults_5, serial_shops, shop,
          chequers_decorated_corner, uniq_frances
D:15:     grunt_enter_depths_magical_seal, layout_basic,
          chequers_serial_rivers_micro_d, grunt_decor_resistance,
          chequers_serial_rivers_small_b, uniq_kirke
Temple:   cyrus_circular_temple
Lair:1:   layout_roguey, serial_bayou_shore_a
Lair:2:   layout_regular_city, gauntlet_entry_generic
Lair:3:   layout_regular_city, elwin_shoals_entry_rocks, spider_nest_entry_a
Lair:4:   beast_lair_carwin_large_2, layout_gridlike, enter_volcano_2
Lair:5:   layout_cave_pods, nicolae_slime_entry_slimehenge, ebering_ghost_xom,
          lemuel_fruit_tree, minmay_lair_oklob_chamber
Lair:6:   grunt_lair_end_beastmaster, layout_cave_pods, lemuel_fruit_fields,
          infiniplex_staircase_pool_2, serial_bayou_shore_b, uniq_snorg
Spider:1: layout_spider_delve, minmay_another_anthill
Spider:2: layout_spider_delve
Spider:3: layout_chambers, nicolae_spider_cling_ruins
Orc:1:    layout_caves, minmay_orc_temple_a
Orc:2:    grunt_orc_gardens, layout_caves, grunt_orc_garden, grunt_orc_garden,
          grunt_orc_garden, grunt_orc_garden, portal_ice_cave_entry_pillars_1,
          serial_shops, statue_bzr, nicolae_orc_pool_cavern, nooodl_orcs_dogs

Skill      XL: |  1  2  3  4  5  6  7  8  9 10 11 12 13 14 15 16 17 18 |
---------------+-------------------------------------------------------+-----
Long Blades    | 3 4 5 6 7 9 10 11 12 13 14 16 17 | 17.8
Charms         | 3 4 5 6 7 8 |  8.0
Translocations | 1 2 3 |  3.0
Spellcasting   | 3 4 |  4.0
Hexes          | 1 2 3 |  3.0
Invocations    | 1 2 3 4 5 6 7 8 9 10 | 10.0
Armour         | 3 4 6 7 8 9 10 11 | 11.3
Dodging        | 3 5 6 7 8 9 10 11 | 11.7
Fighting       | 3 4 5 6 7 8 9 10 | 10.7
Evocations     | 2 4 5 7 8 9 |  9.5
Polearms       | 1 |  1.1
Throwing       | 3 5 7 |  7.3
Shields        | 2 3 |  3.2

Action                   |  1- 3 |  4- 6 |  7- 9 | 10-12 | 13-15 | 16-18 || total
-------------------------+-------+-------+-------+-------+-------+-------++-------
Melee: Falchion          |    53 |   104 |       |       |       |       ||   157
       Kick              |    14 |    33 |    86 |   238 |   412 |   254 ||  1037
       Peck              |     7 |    19 |    66 |   151 |   257 |   190 ||   690
       Long sword        |       |    32 |   298 |   722 |     7 |       ||  1059
       Punch             |       |       |     4 |     1 |     3 |       ||     8
       Spear             |       |       |       |     4 |       |       ||     4
       Dagger            |       |       |       |     7 |   123 |    12 ||   142
       Great sword       |       |       |       |       |  1111 |   170 ||  1281
       Double sword      |       |       |       |       |       |   643 ||   643
       Unarmed           |       |       |       |       |       |    15 ||    15
       Scimitar          |       |       |       |       |       |     3 ||     3
Throw: Boomerang         |       |     2 |     4 |     6 |     2 |       ||    14
       Dart              |       |       |     4 |    19 |    71 |    33 ||   127
 Cast: Spectral Weapon   |       |     1 |     2 |     6 |     5 |     1 ||    15
       Infusion          |       |     1 |     8 |     3 |     2 |       ||    14
       Song of Slaying   |       |       |     4 |    16 |     8 |     2 ||    30
       Shroud of Golubri |       |       |       |     4 |     2 |     1 ||     7
Invok: Renounce Religion |       |     1 |       |       |       |       ||     1
       Heroism           |       |       |     1 |    29 |    43 |    16 ||    89
       Finesse           |       |       |       |     2 |     1 |     2 ||     5
 Abil: Fly               |       |     1 |       |       |       |       ||     1
       Evoke Invisibilit |       |       |       |     7 |     9 |     1 ||    17
Evoke: Wand              |       |       |       |     5 |     7 |     1 ||    13
  Use: Scroll            |       |       |     8 |     7 |    23 |     4 ||    42
       Potion            |       |       |     2 |       |     3 |     1 ||     6
 Stab: Sleeping          |       |     1 |       |       |    13 |       ||    14
       Invisible         |       |       |       |    14 |    30 |    11 ||    55
       Distracted        |       |       |       |       |     2 |     1 ||     3
       Petrifying        |       |       |       |       |     2 |       ||     2
       Held in net/web   |       |       |       |       |       |     1 ||     1
  Eat: Chunk             |       |     5 |    15 |    17 |    33 |    20 ||    90
       Ration            |       |       |       |     3 |     2 |       ||     5
Armor: Leather armour    |     5 |       |       |       |       |       ||     5
       Acid dragon scale |    18 |    54 |    98 |    99 |   152 |   206 ||   627
       Ring mail         |       |       |       |    78 |       |       ||    78
Dodge: Dodged            |    33 |   100 |   240 |   580 |   770 |   735 ||  2458
Block: Buckler           |       |       |       |   123 |       |   150 ||   273
       Rpst.: Falchion   |     9 |    23 |       |       |       |       ||    32
       Long sword        |       |     7 |    65 |   129 |     3 |       ||   204
       Great sword       |       |       |       |       |   172 |    37 ||   209
       Double sword      |       |       |       |       |       |   103 ||   103

Table legend:
 A = Non-vault XP
 B = Vault XP
 C = Vault XP percentage of total XP
 D = Non-vault monster count
 E = Vault monster count
 F = Vault count percentage of total count
                 A         B        C        D         E       F
            +---------+---------+-------+---------+---------+-------
      Total |  139754 |   71213 |  33.8 |     745 |     276 |  27.0
            +---------+---------+-------+---------+---------+-------
        D:1 |      31 |       0 |   0.0 |      17 |       0 |   0.0
        D:2 |     125 |       0 |   0.0 |      32 |       0 |   0.0
        D:3 |     259 |       0 |   0.0 |      25 |       0 |   0.0
        D:4 |     717 |       0 |   0.0 |      26 |       0 |   0.0
        D:5 |     211 |       0 |   0.0 |      14 |       0 |   0.0
        D:6 |     311 |     324 |  51.0 |       9 |       3 |  25.0
        D:7 |     976 |       0 |   0.0 |      25 |       0 |   0.0
        D:8 |    1478 |      55 |   3.6 |      28 |       2 |   6.7
        D:9 |    3882 |    4051 |  51.1 |      41 |      77 |  65.3
       D:10 |    2652 |    1021 |  27.8 |      37 |       2 |   5.1
       D:11 |    4953 |    1542 |  23.7 |      35 |       3 |   7.9
       D:12 |    4823 |     358 |   6.9 |      34 |       2 |   5.6
       D:13 |    6009 |    2860 |  32.2 |      36 |       8 |  18.2
       D:14 |   11382 |    5478 |  32.5 |      39 |      29 |  42.6
       D:15 |   12447 |    9736 |  43.9 |      28 |      14 |  33.3
     Lair:1 |    3478 |       0 |   0.0 |      16 |       0 |   0.0
     Lair:2 |    1321 |       0 |   0.0 |       9 |       0 |   0.0
     Lair:3 |    5065 |     794 |  13.6 |      21 |       3 |  12.5
     Lair:4 |    7517 |    3357 |  30.9 |      19 |       7 |  26.9
     Lair:5 |   10024 |    3541 |  26.1 |      33 |      12 |  26.7
     Lair:6 |   10478 |   11908 |  53.2 |      36 |      23 |  39.0
   Spider:1 |   14698 |    6125 |  29.4 |      41 |      33 |  44.6
   Spider:2 |   22771 |       0 |   0.0 |      62 |       0 |   0.0
   Spider:3 |    7457 |       0 |   0.0 |      26 |       0 |   0.0
      Orc:1 |    3600 |     138 |   3.7 |      32 |       7 |  17.9
      Orc:2 |    3089 |   10835 |  77.8 |      24 |      25 |  51.0
      IceCv |       0 |    2726 | 100.0 |       0 |      10 | 100.0
    Volcano |       0 |    2897 | 100.0 |       0 |       6 | 100.0
   Gauntlet |       0 |    3467 | 100.0 |       0 |      10 | 100.0
            +---------+---------+-------+---------+---------+-------
